 Dungeon Crawl Stone Soup version 0.29.0-13-gc9e81de378 (webtiles) character file.

Game seed: 6674826509973428478

5016 gebbletook2 the Cleaver (level 10, -3/82 HPs)
             Began as a Vine Stalker Fighter on Sept 11, 2022.
             Slain by Amaemon
             ... wielding a +0 demon whip of venom
              (8 damage)
             ... on level 8 of the Dungeon.
             The game lasted 00:12:04 (6977 turns).

gebbletook2 the Cleaver (Vine Stalker Fighter)      Turns: 6977, Time: 00:12:04

Health: -3/82      AC: 14    Str: 23    XL:     10   Next: 54%
Magic:  0/11       EV:  9    Int: 11    God:
Gold:   411        SH:  5    Dex: 14    Spells: 9/9 levels left

rFire   . . .      SeeInvis .   y - +5 war axe
rCold   . . .      Faith    .   c - +0 buckler
rNeg    . . .      Spirit   +   f - +0 chain mail
rPois   .          Reflect  .   g - +1 helmet {Int+3}
rElec   .          Harm     .   (no cloak)
rCorr   .          Rampage  .   l - +0 pair of gloves
Will    +....                   m - +0 pair of boots
Stlth   ..........              (no amulet)
HPRegen 1.03/turn               (no ring)
MPRegen 0.12/turn               (no ring)

@: berserking, very quick
A: fangs 3, regeneration 1, magic shield, antimagic bite, no potion heal 2
a: no special abilities


You were on level 8 of the Dungeon.
You visited 2 branches of the dungeon, and saw 9 of its levels.
You also visited: Ossuary.

You collected 411 gold pieces.

Inventory:

Hand Weapons
 t - a +3 vorpal hand axe
 x - a +0 demon whip of venom
 y - a +5 war axe (weapon)
Missiles
 j - 9 poisoned darts
 o - 9 boomerangs (quivered)
Armour
 c - a +0 buckler (worn)
 f - a +0 chain mail (worn)
 g - a +1 helmet of intelligence (worn)
 l - a +0 pair of gloves (worn)
 m - a +0 pair of boots (worn)
Wands
 a - a wand of quicksilver (9)
 r - a wand of charming (6)
Scrolls
 b - 2 scrolls of identify
 e - 4 scrolls of fear
 h - 4 scrolls of poison
 s - a scroll of enchant weapon
 v - 4 scrolls of enchant armour
 z - 4 scrolls of teleportation
 A - a scroll of torment
 E - a scroll of silence
Potions
 d - 2 potions of might
 i - 5 potions of curing
 k - 4 potions of haste
 n - a potion of flight
 p - 3 potions of mutation
 q - a potion of magic
 u - 2 potions of lignification
 w - 4 potions of ambrosia
 D - 2 potions of brilliance {unknown}


   Skills:
 * Level 7.5 Fighting
 + Level 8.1 Axes
 * Level 1.9 Throwing
 + Level 6.0 Armour
 - Level 4.0 Dodging
 + Level 4.8 Shields
 * Level 2.1 Evocations


You had 9 spell levels left.
You didn't know any spells.
Your spell library contained the following spells:

 Spells                   Type           Power      Damage    Failure   Level
 Necrotise                Necr           0%         1d4       97%         1
 Poisonous Vapours        Pois/Air       0%         N/A       99%         2
 Gell's Gravitas          Tloc           0%         N/A       100%        3
 Ozocubu's Armour         Ice            0%         N/A       100%        3
 Teleport Other           Tloc           0%         N/A       100%        3
 Vampiric Draining        Necr           0%         2d6       100%        3
 Corpse Rot               Necr/Pois/Air  0%         N/A       100%        4
 Agony                    Necr           0%         N/A       100%        5
 Metabolic Englaciation   Hex/Ice        0%         N/A       100%        5
 Dispersal                Tloc           0%         N/A       100%        6
 Simulacrum               Ice/Necr       0%         N/A       100%        6


Dungeon Overview and Level Annotations

Branches:
Dungeon (8/15)             Temple (1/1) D:6         Ossuary (visited)
   Lair: D:8-11

Altars:
Ashenzari
Cheibriados
Dithmenos
Elyvilon
Fedhas
Gozag
Hepliaklqana
Kikubaaqudgha
Makhleb
Nemelex Xobeh
Okawaru
Qazlal
Ru
Trog
Uskayaw
Vehumet
Wu Jian
Xom
Yredelemnul
Zin
The Shining One

Shops:
D:3 (   D:7 =

Annotations:
D:8 Amaemon


Innate Abilities, Weirdness & Mutations

You have razor-sharp teeth.
Your natural rate of healing is unusually fast.
When hurt, damage is shared between your health and your magic reserves.
Your bite disrupts and absorbs the magic of your enemies.
Potions cannot restore your health.


Message History

Unknown command.
You slash Amaemon! Your bite misses Amaemon.
Amaemon is severely wounded.
You hit the scorpion.
The scorpion stings you but does no damage.
An orc comes into view. It is wielding a +0 flail.
Amaemon falters for a moment.
The orange demon stings you from afar.
You are poisoned.
The orange demon poisons you! The scorpion closely misses you.
You closely miss Amaemon.
Amaemon is severely wounded.
You slash the scorpion!
You kill the scorpion!
The scorpion's corpse disappears in a puff of smoke!
You feel extremely sick. The orange demon barely misses you.
The orc drinks a potion.
The orc suddenly seems more resistant.
Amaemon barely misses you. Amaemon claws you.
Amaemon tail-slaps you but does no damage.
You closely miss Amaemon. Your bite misses Amaemon.
Amaemon is severely wounded.
You feel very sick. The orange demon stings you from afar.
* * * LOW HITPOINT WARNING * * *
You block Amaemon's attack. Amaemon claws you.
* * * LOW HITPOINT WARNING * * *
Amaemon tail-slaps you but does no damage.
Amaemon falters for a moment.
The orange demon stings you from afar.
* * * LOW HITPOINT WARNING * * *
Your system rejects the healing.
You feel better.
The scorpion stings you but does no damage.
Amaemon falters for a moment.
The orange demon stings you from afar.
* * * LOW HITPOINT WARNING * * *
You block the scorpion's attack.
A red film seems to cover your vision as you go berserk!
You feel yourself moving faster!
You feel mighty! You block the scorpion's attack.
The orange demon stings you from afar.
* * * LOW HITPOINT WARNING * * *
Amaemon hits you with a +0 demon whip of venom!
You die...

... .......
...## .......
....###.......
#..[....o....
#.$.....o....
#......4.....
#....6so....#
#....@...#
#..).....#
###.......##
##....)....#
#....)....##
#....~~....#
#....~~~...#
##..P♣P....#
#$........#


You could see Amaemon (magic disrupted), an orange demon, a scorpion (summoned),
an orc wizard and 2 orcs.

Vanquished Creatures
  Grinder (D:4)
  The ghost of Ofeo the Digger, an amateur MeEE (D:5)
  3 yaks (D:7)
  A water moccasin (D:8)
  2 hornet zombies (Ossuary)
  A sky beast (D:7)
  A black bear (D:6)
  3 ice beasts
  4 ogres
  An orc warrior (D:8)
  2 centaurs
  A phantom (D:6)
  A bullfrog (D:8)
  2 necrophages (D:4)
  2 wyvern zombies (Ossuary)
  4 scorpions
  A water moccasin zombie (Ossuary)
  9 wights
  A howler monkey (D:4)
  2 centaur zombies (Ossuary)
  6 bullfrog zombies (Ossuary)
  A jelly (D:4)
  3 hounds
  2 orc priests
  4 iguanas
  2 gnoll boudas
  2 orc wizards (D:8)
  5 killer bee zombies (Ossuary)
  12 mummies (Ossuary)
  2 howler monkey zombies (Ossuary)
  39 gnolls
  8 adders
  5 shadow imps
  2 white imps
  An ufetubus (D:6)
  A worm zombie (D:7)
  3 worms
  3 dart slugs
  30 orcs
  7 ball pythons
  4 bats
  6 endoplasms
  6 giant cockroaches
  4 goblins
  5 hobgoblins
  22 jackals
  6 kobolds
  4 quokkas
  3 frilled lizards (D:3)
  5 rats
246 creatures vanquished.

Vanquished Creatures (collateral kills)
  An orc priest (D:4)
1 creature vanquished.

Vanquished Creatures (others)
  An ogre (D:4)
  A plant (D:4)
  3 withered plants (Ossuary)
5 creatures vanquished.

Grand Total: 252 creatures vanquished

Notes
Turn   | Place    | Note
-------+----------+-------------------------------------------
     0 | D:1      | gebbletook2 the Vine Stalker Fighter began the quest for
                  | the Orb.
     0 | D:1      | Reached XP level 1. HP: 11/11 MP: 2/2
   112 | D:1      | Reached XP level 2. HP: 16/16 MP: 3/3
   360 | D:1      | Reached skill level 2 in Axes
   616 | D:1      | Reached XP level 3. HP: 20/20 MP: 4/4
   985 | D:2      | Reached skill level 1 in Dodging
  1208 | D:2      | Found a faded altar of an unknown god.
  1223 | D:2      | Found a faded altar of an unknown god.
  1350 | D:2      | Gained mutation: Your natural rate of healing is unusually
                  | fast. [Vine Stalker growth]
  1350 | D:2      | Reached XP level 4. HP: 11/24 MP: 3/5
  1697 | D:3      | Found Ulupaek's Weapon Shoppe.
  1865 | D:3      | Reached XP level 5. HP: 28/28 MP: 6/6
  1916 | D:3      | Reached skill level 3 in Axes
  2489 | D:4      | Noticed Grinder
  2501 | D:4      | Killed Grinder
  2502 | D:4      | Reached XP level 6. HP: 22/33 MP: 3/7
  2563 | D:4      | Reached skill level 4 in Axes
  2563 | D:4      | Reached XP level 7. HP: 23/37 MP: 8/8
  3295 | D:4      | Gained mutation: You have razor-sharp teeth. [Vine Stalker
                  | growth]
  3295 | D:4      | Reached XP level 8. HP: 42/42 MP: 9/9
  3380 | D:4      | Reached skill level 5 in Axes
  3512 | D:4      | Reached skill level 5 in Fighting
  3685 | D:5      | Entered Level 5 of the Dungeon
  4120 | D:5      | Noticed Ofeo's ghost (amateur MeEE)
  4126 | D:5      | Found a runed translucent gate.
  4127 | D:5      | Found a runed translucent gate.
  4189 | D:5      | Reached skill level 6 in Axes
  4206 | D:5      | Found a runed translucent gate.
  4500 | D:5      | Killed Ofeo's ghost
  4501 | D:5      | Reached XP level 9. HP: 48/48 MP: 10/10
  5076 | D:6      | Found a staircase to the Ecumenical Temple.
  5169 | Temple   | Entered the Ecumenical Temple
  5490 | D:6      | Found a stormy altar of Qazlal.
  5523 | D:6      | Found a shimmering altar of Xom.
  5603 | D:6      | Reached skill level 5 in Armour
  5721 | D:7      | Reached skill level 7 in Axes
  5747 | D:7      | Reached XP level 10. HP: 16/53 MP: 4/11
  5758 | D:7      | Found Tioneno's Jewellery Shop.
  5951 | D:7      | Found a sand-covered staircase.
  5965 | Ossuary  | Entered an ossuary
  5984 | Ossuary  | Reached skill level 1 in Evocations
  6118 | Ossuary  | Reached skill level 1 in Throwing
  6538 | D:7      | Identified the +6 falchion "Gaymn" {venom, Dex+2}
  6714 | D:8      | Reached skill level 8 in Axes
  6963 | D:8      | Noticed Amaemon
  6968 | D:8      | Noticed an orange demon
  6977 | D:8      | Slain by Amaemon

Illustrated notes

Levels and vault maps discovered:
D:1:      saegor_arrival_simple_a, layout_basic
D:2:      layout_basic, hellmonk_ecumenical_altar_the_god_not_taken,
          minmay_misc_feat_nine_boxes, hangedman_decor_growths
D:3:      layout_basic, serial_shops, shop, kennysheep_cluttered_room,
          grunt_decor_resistance, lemuel_old_faithful
D:4:      lemuel_castle_with_subvaults [lemuel_castle_interior_carwin_1],
          layout_basic, gup_sewer_entry_glass, uniq_grinder
D:5:      layout_cave_pools, gammafunk_ghost_split
D:6:      layout_gridville, mainiacjoe_overflow_two_lobes,
          minmay_temple_entry_enclosed_plants
D:7:      layout_rooms, serial_shops, shop_fountains, enter_ossuary_3,
          corexii_hall_statues_s
D:8:      layout_cave_pods, serial_bayou_pond_e, minmay_misc_feat_plants,
          hangedman_decor_opposing, uniq_amaemon
Temple:   nicolae_temple_bog_church

Skill      XL: |  1  2  3  4  5  6  7  8  9 10 |
---------------+-------------------------------+-----
Fighting       | 3 4 6 7 |  7.5
Axes           | 2 3 4 6 7 8 |  8.1
Dodging        | 1 2 3 4 |  4.0
Shields        | 3 4 |  4.8
Armour         | 3 4 5 6 |  6.0
Evocations     | 2 |  2.1
Throwing       | 1 |  1.9

Action                   |  1- 3 |  4- 6 |  7- 9 | 10-12 || total
-------------------------+-------+-------+-------+-------++-------
Melee: War axe           |    87 |   112 |    49 |   197 ||   445
       Bite              |    15 |    22 |   106 |    59 ||   202
       Hand axe          |       |       |   279 |       ||   279
Throw: Boomerang         |       |       |    11 |     3 ||    14
Evoke: Wand              |       |       |     1 |       ||     1
  Use: Scroll            |     5 |     6 |     7 |     6 ||    24
       Potion            |       |       |       |     3 ||     3
Armor: Scale mail        |    63 |    37 |   141 |    83 ||   324
       Chain mail        |       |       |       |    19 ||    19
Dodge: Dodged            |    44 |    45 |   188 |    91 ||   368
Block: Buckler           |    23 |    29 |    87 |    52 ||   191
